 Dungeon Crawl Stone Soup version 0.30-a0-358-g0d69a1922f (webtiles) character file.

Game seed: 1372804790007476871

81 quakins the Stinger (level 4, -4/36 HPs)
             Began as a Naga Venom Mage on Nov 10, 2022.
             Was a Believer of Lugonu.
             Slain by a white imp (5 damage)
             ... on level 3 of the Dungeon.
             The game lasted 00:04:33 (1946 turns).

quakins the Stinger (Naga Venom Mage)               Turns: 1946, Time: 00:04:33

Health: -4/36      AC:  2    Str: 10    XL:     4   Next: 40%
Magic:  10/10      EV:  9    Int: 18    God:    Lugonu [**....]
Gold:   66         SH:  0    Dex: 11    Spells: 10/11 levels left

rFire   . . .      SeeInvis +    c - +0 dagger
rCold   . . .      Faith    .    (no shield)
rNeg    . . .      Spirit   .    a - +0 robe
rPois   +          Reflect  .    (no helmet)
rElec   .          Harm     .    (no cloak)
rCorr   .          Rampage  .    (no gloves)
Will    .....                    (no barding)
Stlth   ++........               (no amulet)
HPRegen 0.26/turn                (no ring)
MPRegen 0.12/turn                (no ring)

@: very slow
A: AC +1, large, see invisible, deformed body, poison resistance, slowness 2,
spit poison 1, naga tail 1
a: Spit Poison, Renounce Religion, Depart the Abyss, Banish


You were on level 3 of the Dungeon.
You worshipped Lugonu.
Lugonu was pleased with you.
You visited 1 branch of the dungeon, and saw 3 of its levels.

You collected 66 gold pieces.

Inventory:

Hand Weapons
 c - a +0 dagger (weapon)
Armour
 a - a +0 robe (worn)
Jewellery
 f - an amulet of regeneration
Scrolls
 d - 5 scrolls of teleportation {unknown}
 e - a scroll of immolation {unknown}
 h - 2 scrolls of identify {unknown}
Potions
 g - a potion of curing {unknown}


   Skills:
 - Level 1.5 Dodging
 - Level 3.0 Stealth
 - Level 4.0 Spellcasting
 - Level 1.0 Transmutations
 + Level 4.5 Poison Magic


You had 10 spell levels left.
You knew the following spells:

 Your Spells              Type           Power      Damage    Failure   Level
a - Sting                 Tmut/Pois      52%        1d5       4%          1

Your spell library contained the following spells:

 Spells                   Type           Power      Damage    Failure   Level
 Poisonous Vapours        Pois/Air       22%        N/A       9%          2
 Olgreb's Toxic Radiance  Pois           19%        N/A       22%         4
 Mephitic Cloud           Conj/Pois/Air  9%         N/A       24%         3


Dungeon Overview and Level Annotations

Branches:
Dungeon (3/15)

Altars:
Lugonu

Shops:
D:1 :


Innate Abilities, Weirdness & Mutations

Your serpentine skin is tough. (AC +1)
You have supernaturally acute eyesight. (SInv)
Armour fits poorly on your strangely shaped body.
Your system is resistant to poisons. (rPois)
You cover ground very slowly.
You can spit poison.
You have a snake-like lower body.


Message History

Press: ? - help, Q - select action, (/) - cycle Shift-Dir - straight line, f/p - white imp
Aim: a white imp (71% to hit)
The sting hits the white imp but does no damage.
The white imp is poisoned.
The orc hits you with a +0 hand axe.
The white imp laughs crazily.
The white imp hits you. The white imp freezes you.
Aiming: Sting (safe; 4% risk of failure)
Press: ? - help, Q - select action, (/) - cycle Shift-Dir - straight line, f/p - white imp
Aim: a white imp (lightly wounded, poisoned, 71% to hit)
The sting misses the white imp.
You kill the orc!
Lugonu accepts your kill. The white imp barely misses you.
You closely miss the white imp.
The white imp is lightly wounded.
The white imp gestures at you. The puff of frost hits you!
You completely miss the white imp.
The white imp is lightly wounded.
The white imp completely misses you.
You barely miss the white imp.
The white imp is lightly wounded.
The white imp hits you. The white imp freezes you.
You hit the white imp but do no damage.
The white imp is lightly wounded.
The white imp closely misses you.
You hit the white imp but do no damage.
The white imp is lightly wounded.
The white imp looks more healthy.
The white imp gestures at you. The puff of frost hits you!
* * * LOW HITPOINT WARNING * * *
Okay, then.
You don't have enough magic to cast this spell.
You don't have enough magic to cast this spell.
Magic courses through your body. The white imp hits you.
* * * LOW HITPOINT WARNING * * *
The white imp freezes you.
You die...

#. #. ### #.
... #. #..
#.##.# ...#
######).##.#
#<...@5...#
########..#
...# ..# .#
5# .


You could see a white imp.

Vanquished Creatures
  4 adders
  A dart slug (D:2)
  An orc (D:3)
  2 bats
  4 endoplasms (D:1)
  3 giant cockroaches
  3 hobgoblins
  3 kobolds (D:1)
  2 quokkas
  5 ball pythons
  4 frilled lizards (D:1)
  5 goblins (D:1)
  5 rats
42 creatures vanquished.

Notes
Turn   | Place    | Note
-------+----------+-------------------------------------------
     0 | D:1      | quakins the Naga Venom Mage began the quest for the Orb.
     0 | D:1      | Reached XP level 1. HP: 15/15 MP: 3/3
    65 | D:1      | Found Mupsil's Book Shop.
   329 | D:1      | Reached XP level 2. HP: 13/22 MP: 1/5
   714 | D:1      | Reached XP level 3. HP: 26/28 MP: 4/7
  1532 | D:2      | Found a faded altar of an unknown god.
  1579 | D:2      | Prayed at the altar of an unknown god.
  1579 | D:2      | Became a worshipper of Lugonu the Unformed
  1579 | D:2      | Reached * piety under Lugonu
  1579 | D:2      | Reached ** piety under Lugonu
  1687 | D:2      | Reached XP level 4. HP: 34/36 MP: 6/10
  1946 | D:3      | HP: 1/36 [white imp (3)]
  1946 | D:3      | Slain by a white imp

Illustrated notes

Levels and vault maps discovered:
D:1:      mrwooster_arrival_statue_3, layout_rooms, serial_shops, shop
D:2:      layout_basic, hellmonk_ecumenical_altar_run_dry
D:3:      layout_basic, grunt_temple_overflow_gold_and_silver, minmay_vboxes

Skill      XL: |  1  2  3 |
---------------+----------+-----
Spellcasting   | 3 4 |  4.0
Dodging        | |  1.5
Stealth        | |  3.0
Transmutations | |  1.0
Poison Magic   | |  4.5

Action                   |  1- 3 |  4- 6 || total
-------------------------+-------+-------++-------
Melee: Dagger            |    34 |     5 ||    39
 Cast: Sting             |    61 |    14 ||    75
  Use: Potion            |       |     1 ||     1
Armor: Robe              |    10 |     4 ||    14
Dodge: Dodged            |    32 |     7 ||    39

Table legend: (Time is in decaauts)
 A = Elapsed time spent in this place.
 B = Non-inter-level travel time spent in this place.
 C = Inter-level travel time spent in this place.
 D = Time resting spent in this place.
 E = Time spent auto-exploring this place.
 F = Levels seen in this place.
 G = Mean time per level.
                   A        B        C        D        E       F      G
               +--------+--------+--------+--------+--------+-----+--------+
         Total |   2372 |   2310 |     62 |    227 |   1733 |   3 |  790.7 |
       Dungeon |   2372 |   2310 |     62 |    227 |   1733 |   3 |  790.7 |
               +--------+--------+--------+--------+--------+-----+--------+

Top non-repeatable levels by time:
     D:1: 1215 daAuts
     D:2: 1124 daAuts
     D:3: 32 daAuts
